% Time on Ice - TEXAS TOROS
Lines # - Real PCT - Wanted PCT - Time Play
Normal Forward
1 - 36% - 36% - 19:25
2 - 30% - 31% - 16:07
3 - 24% - 23% - 12:49
4 - 11% - 10% - 5:42
Normal Defense
1 - 36% - 36% - 19:41
2 - 30% - 31% - 15:57
3 - 26% - 23% - 14:05
4 - 8% - 10% - 4:20
PP Forward
1 - 59% - 55% - 2:21
2 - 41% - 45% - 1:37
PP Defense
1 - 31% - 55% - 1:14
2 - 69% - 45% - 2:44
PK Forward
1 - 67% - 55% - 1:20
2 - 33% - 45% - 0:39
PK Defense
1 - 51% - 55% - 1:01
2 - 49% - 45% - 0:58
PK3 Forward
1 - 0% - 55%
2 - 0% - 45%
PK3 Defense
1 - 0% - 55%
2 - 0% - 45%
44 Forward
1 - 0% - 55%
2 - 0% - 45%
44 Defense
1 - 0% - 55%
2 - 0% - 45%
Last Minute Offensive  - 0:00
Last Minute Defensive  - 0:00
Total
Forward - 60:00
Defense - 60:00
% Time on Ice - NORTH DAKOTA HAWKS
Lines # - Real PCT - Wanted PCT - Time Play
Normal Forward
1 - 31% - 32% - 17:00
2 - 32% - 30% - 17:11
3 - 21% - 22% - 11:36
4 - 15% - 16% - 8:16
Normal Defense
1 - 39% - 38% - 21:17
2 - 31% - 32% - 16:50
3 - 16% - 15% - 8:51
4 - 13% - 15% - 7:05
PP Forward
1 - 56% - 65% - 1:07
2 - 44% - 35% - 0:52
PP Defense
1 - 56% - 65% - 1:07
2 - 44% - 35% - 0:52
PK Forward
1 - 84% - 65% - 3:21
2 - 16% - 35% - 0:37
PK Defense
1 - 52% - 65% - 2:03
2 - 48% - 35% - 1:55
PK3 Forward
1 - 0% - 60%
2 - 0% - 40%
PK3 Defense
1 - 0% - 60%
2 - 0% - 40%
44 Forward
1 - 0% - 55%
2 - 0% - 45%
44 Defense
1 - 0% - 55%
2 - 0% - 45%
Last Minute Offensive  - 0:00
Last Minute Defensive  - 0:00
Total
Forward - 60:00
Defense - 60:00
Play-by-Play 1st period 0:01 of 1st period - Trevor Zegras wins face-off versus Jack Hughes in neutral zone. 0:04 of 1st period - Shot by Troy Terry. 0:04 of 1st period - Goal by Troy Terry - TEXAS TOROS : 1 - NORTH DAKOTA HAWKS : 0. 0:05 of 1st period - Nick Suzuki wins face-off versus Danton Heinen in neutral zone. 0:10 of 1st period - Shot by Jake DeBrusk. 0:10 of 1st period - Shot Misses the Net. 0:20 of 1st period - Shot by Nick Suzuki. 0:20 of 1st period - Shot Misses the Net. 0:22 of 1st period - Shot by Ryan Lindgren. 0:22 of 1st period - Stopped by Philipp Grubauer without a rebound. 0:23 of 1st period - Jonathan Toews wins face-off versus Frederick Gaudreau in TEXAS TOROS zone. 0:32 of 1st period - Shot by Dillon Dube. 0:32 of 1st period - Shot Misses the Net. 0:55 of 1st period - Icing by Dante Fabbro. 0:56 of 1st period - Jonathan Toews wins face-off versus Jack Hughes in TEXAS TOROS zone. 1:05 of 1st period - Shot by Jason Robertson. 1:05 of 1st period - Shot Hit the Post. 1:34 of 1st period - Icing by Dante Fabbro. 1:35 of 1st period - Jonathan Toews wins face-off versus Connor Dewar in TEXAS TOROS zone. 1:35 of 1st period - Jonathan Toews is hit by Garnet Hathaway. 1:38 of 1st period - Tyson Foerster is hit by Garnet Hathaway and loses puck. 2:22 of 1st period - Off-side. 2:23 of 1st period - Nick Suzuki wins face-off versus Danton Heinen in neutral zone. 4:01 of 1st period - Shot by Cale Makar. 4:01 of 1st period - Shot Hit the Post. 4:19 of 1st period - Off-side. 4:20 of 1st period - Frederick Gaudreau wins face-off versus Trevor Zegras in neutral zone. 4:27 of 1st period - Shot by Dillon Dube. 4:27 of 1st period - Shot Misses the Net. 5:28 of 1st period - Minor Penalty to Nate Schmidt for Slashing. 5:29 of 1st period - Jonathan Toews wins face-off versus Nick Suzuki in TEXAS TOROS zone. 5:29 of 1st period - Jonathan Toews is hit by Nick Suzuki. 5:48 of 1st period - Icing by Cale Makar. 5:49 of 1st period - Ryan Poehling wins face-off versus Nick Suzuki in NORTH DAKOTA HAWKS zone. 6:00 of 1st period - Shot by Ryan Poehling. 6:00 of 1st period - Shot Misses the Net. 6:08 of 1st period - Shot by Cale Makar. 6:08 of 1st period - Deflect By Nick Suzuki. 6:08 of 1st period - Shot Misses the Net. 6:10 of 1st period - Shot by Dillon Dube. 6:10 of 1st period - Shot Blocked by Tyson Barrie. 6:12 of 1st period - Shot by Cale Makar. 6:12 of 1st period - Shot Misses the Net. 6:14 of 1st period - Shot by Cale Makar. 6:14 of 1st period - Shot Misses the Net. 6:16 of 1st period - Shot by Nick Suzuki. 6:16 of 1st period - Stopped by Philipp Grubauer without a rebound. 6:17 of 1st period - Jonathan Toews wins face-off versus Jack Hughes in TEXAS TOROS zone. 6:30 of 1st period - Ryan Suter is hit by Jack Hughes and loses puck. 7:36 of 1st period - Garnet Hathaway is hit by Dante Fabbro and loses puck. 7:47 of 1st period - Icing by Miles Wood. 7:48 of 1st period - Kevin Hayes wins face-off versus Nick Suzuki in TEXAS TOROS zone. 7:55 of 1st period - Shot by Miles Wood. 7:55 of 1st period - Stopped by Scott Wedgewood without a rebound. 7:56 of 1st period - Nick Suzuki wins face-off versus Ryan Poehling in NORTH DAKOTA HAWKS zone. 8:07 of 1st period - Shot by Jake DeBrusk. 8:07 of 1st period - Stopped by Philipp Grubauer without a rebound. 8:08 of 1st period - Kevin Hayes wins face-off versus Jack Hughes in TEXAS TOROS zone. 8:25 of 1st period - Shot by Cale Makar. 8:25 of 1st period - Stopped by Philipp Grubauer without a rebound. 8:26 of 1st period - Nick Suzuki wins face-off versus Troy Terry in TEXAS TOROS zone. 8:28 of 1st period - Jake DeBrusk is hit by Tyson Barrie and loses puck. 9:34 of 1st period - Jason Robertson is hit by Dougie Hamilton. 9:44 of 1st period - Shot by Jordan Kyrou. 9:44 of 1st period - Stopped by Philipp Grubauer without a rebound. 9:45 of 1st period - Kevin Hayes wins face-off versus Dillon Dube in TEXAS TOROS zone. 9:56 of 1st period - Shot by Kevin Hayes. 9:56 of 1st period - Shot Blocked by Nick Blankenburg. 10:10 of 1st period - Shot by Kevin Hayes. 10:10 of 1st period - Stopped by Scott Wedgewood without a rebound. 10:11 of 1st period - Jack Hughes wins face-off versus Jonathan Toews in NORTH DAKOTA HAWKS zone. 10:26 of 1st period - Shot by Jordan Kyrou. 10:26 of 1st period - Shot Misses the Net. 10:38 of 1st period - Shot by Jason Robertson. 10:38 of 1st period - Stopped by Philipp Grubauer without a rebound. 10:39 of 1st period - Nick Suzuki wins face-off versus Kevin Hayes in TEXAS TOROS zone. 10:40 of 1st period - Shot by Jake DeBrusk. 10:40 of 1st period - Shot Misses the Net. 11:04 of 1st period - Shot by Kevin Hayes. 11:04 of 1st period - Shot Misses the Net. 11:06 of 1st period - Shot by Ryan Suter. 11:06 of 1st period - Stopped by Scott Wedgewood with a rebound. 11:14 of 1st period - Shot by Kevin Hayes. 11:14 of 1st period - Shot Blocked by Nick Suzuki. 11:16 of 1st period - Shot by Kevin Hayes. 11:16 of 1st period - Shot Misses the Net. 11:18 of 1st period - Shot by Danton Heinen. 11:18 of 1st period - Stopped by Scott Wedgewood without a rebound. 11:19 of 1st period - Jack Hughes wins face-off versus Trevor Zegras in NORTH DAKOTA HAWKS zone. 12:13 of 1st period - Icing by Mathew Dumba. 12:14 of 1st period - Jonathan Toews wins face-off versus Jack Hughes in NORTH DAKOTA HAWKS zone. 12:17 of 1st period - Shot by Jesse Ylonen. 12:17 of 1st period - Stopped by Scott Wedgewood without a rebound. 12:18 of 1st period - Jonathan Toews wins face-off versus Frederick Gaudreau in NORTH DAKOTA HAWKS zone. 12:29 of 1st period - Shot by Jonathan Toews. 12:29 of 1st period - Stopped by Scott Wedgewood with a rebound. 12:31 of 1st period - Shot by Owen Power. 12:31 of 1st period - Stopped by Scott Wedgewood with a rebound. 12:33 of 1st period - Shot by Jonathan Toews. 12:33 of 1st period - Goal by Jonathan Toews - TEXAS TOROS : 2 - NORTH DAKOTA HAWKS : 0. 12:33 of 1st period - Linus Ullmark enters game. 12:34 of 1st period - Kevin Hayes wins face-off versus Connor Dewar in neutral zone. 13:01 of 1st period - Shot by Kevin Hayes. 13:01 of 1st period - Stopped by Linus Ullmark without a rebound. 13:02 of 1st period - Frederick Gaudreau wins face-off versus Trevor Zegras in NORTH DAKOTA HAWKS zone. 13:20 of 1st period - Frederick Gaudreau is hit by Ryan Suter and loses puck. 13:33 of 1st period - Shot by Dillon Dube. 13:33 of 1st period - Shot Misses the Net. 13:35 of 1st period - Shot by Dillon Dube. 13:35 of 1st period - Goal by Dillon Dube - TEXAS TOROS : 2 - NORTH DAKOTA HAWKS : 1. 13:36 of 1st period - Jonathan Toews wins face-off versus Reyley Smith in neutral zone. 13:39 of 1st period - Shot by Tyson Barrie. 13:39 of 1st period - Stopped by Linus Ullmark without a rebound. 13:40 of 1st period - Nick Suzuki wins face-off versus Jonathan Toews in NORTH DAKOTA HAWKS zone. 14:14 of 1st period - Shot by Tyson Barrie. 14:14 of 1st period - Shot Blocked by Ryan Lindgren. 14:16 of 1st period - Shot by Dougie Hamilton. 14:16 of 1st period - Stopped by Linus Ullmark without a rebound. 14:17 of 1st period - Kevin Hayes wins face-off versus Jack Hughes in NORTH DAKOTA HAWKS zone. 14:20 of 1st period - Shot by Danton Heinen. 14:20 of 1st period - Shot Misses the Net. 15:09 of 1st period - Troy Terry is hit by Mathew Dumba and loses puck. 15:33 of 1st period - Trevor Zegras is hit by Mathew Dumba and loses puck. 15:37 of 1st period - Troy Terry is hit by Cale Makar and loses puck. 16:51 of 1st period - Icing by Ryan Lindgren. 16:52 of 1st period - Kevin Hayes wins face-off versus Jake DeBrusk in NORTH DAKOTA HAWKS zone. 16:55 of 1st period - Shot by Kevin Hayes. 16:55 of 1st period - Stopped by Linus Ullmark without a rebound. 16:56 of 1st period - Frederick Gaudreau wins face-off versus Kevin Hayes in NORTH DAKOTA HAWKS zone. 17:10 of 1st period - Danton Heinen is hit by Nick Blankenburg and loses puck. 17:13 of 1st period - Shot by Ryan Suter. 17:13 of 1st period - Stopped by Linus Ullmark without a rebound. 17:14 of 1st period - Connor Dewar wins face-off versus Trevor Zegras in NORTH DAKOTA HAWKS zone. 17:42 of 1st period - Shot by Troy Terry. 17:42 of 1st period - Shot Blocked by Garnet Hathaway. 17:44 of 1st period - Shot by Trevor Zegras. 17:44 of 1st period - Deflect By Troy Terry. 17:44 of 1st period - Stopped by Linus Ullmark with a rebound. 17:50 of 1st period - Shot by Taylor Raddysh. 17:50 of 1st period - Stopped by Linus Ullmark without a rebound. 17:51 of 1st period - Frederick Gaudreau wins face-off versus Kevin Hayes in NORTH DAKOTA HAWKS zone. 17:51 of 1st period - Frederick Gaudreau is hit by Miles Wood. 17:57 of 1st period - Shot by Dillon Dube. 17:57 of 1st period - Stopped by Philipp Grubauer with a rebound. 18:00 of 1st period - Icing by Owen Power. 18:01 of 1st period - Nick Suzuki wins face-off versus Kevin Hayes in TEXAS TOROS zone. 18:33 of 1st period - Shot by Nick Suzuki. 18:33 of 1st period - Stopped by Philipp Grubauer without a rebound. 18:34 of 1st period - Frederick Gaudreau wins face-off versus Trevor Zegras in TEXAS TOROS zone. 18:47 of 1st period - Shot by Troy Terry. 18:47 of 1st period - Stopped by Linus Ullmark without a rebound. 18:48 of 1st period - Connor Dewar wins face-off versus Jonathan Toews in NORTH DAKOTA HAWKS zone. 19:07 of 1st period - Shot by Alex Belzile. 19:07 of 1st period - Shot Misses the Net. 19:27 of 1st period - Jesse Ylonen is hit by Nick Blankenburg and loses puck. 19:59 of 1st period - Trevor Zegras is hit by Connor Clifton and loses puck. Goals for this period are 2 for TEXAS TOROS vs 1 for NORTH DAKOTA HAWKS. Shots for this period are 17 for TEXAS TOROS vs 9 for NORTH DAKOTA HAWKS. 2nd period 0:01 of 2nd period - Frederick Gaudreau wins face-off versus Kevin Hayes in neutral zone. 0:17 of 2nd period - Kevin Hayes is hit by Ryan Lindgren and loses puck. 1:01 of 2nd period - Shot by Jack Hughes. 1:01 of 2nd period - Stopped by Philipp Grubauer without a rebound. 1:02 of 2nd period - Taylor Raddysh wins face-off versus Nick Suzuki in TEXAS TOROS zone. 1:09 of 2nd period - Shot by Jake DeBrusk. 1:09 of 2nd period - Shot Blocked by Owen Power. 1:11 of 2nd period - Shot by Jake DeBrusk. 1:11 of 2nd period - Shot Blocked by Owen Power. 1:13 of 2nd period - Shot by Nick Suzuki. 1:13 of 2nd period - Stopped by Philipp Grubauer without a rebound. 1:14 of 2nd period - Jack Hughes wins face-off versus Ryan Poehling in TEXAS TOROS zone. 1:15 of 2nd period - Shot by Jason Robertson. 1:15 of 2nd period - Stopped by Philipp Grubauer without a rebound. 1:16 of 2nd period - Trevor Zegras wins face-off versus Jack Hughes in TEXAS TOROS zone. 1:16 of 2nd period - Trevor Zegras is hit by Jack Hughes. 1:22 of 2nd period - Troy Terry is hit by Jason Robertson and loses puck. 1:39 of 2nd period - Shot by Jack Hughes. 1:39 of 2nd period - Goal by Jack Hughes - TEXAS TOROS : 2 - NORTH DAKOTA HAWKS : 2. 1:40 of 2nd period - Ryan Poehling wins face-off versus Nick Suzuki in neutral zone. 1:42 of 2nd period - Dougie Hamilton is hit by Erik Johnson and loses puck. 2:05 of 2nd period - Shot by Reyley Smith. 2:05 of 2nd period - Shot Blocked by Wade Allison. 2:07 of 2nd period - Shot by Ryan Lindgren. 2:07 of 2nd period - Stopped by Philipp Grubauer without a rebound. 2:08 of 2nd period - Jack Hughes wins face-off versus Trevor Zegras in TEXAS TOROS zone. 2:08 of 2nd period - Jack Hughes is hit by Owen Power. 2:17 of 2nd period - Icing by Cale Makar. 2:18 of 2nd period - Kevin Hayes wins face-off versus Jack Hughes in NORTH DAKOTA HAWKS zone. 2:25 of 2nd period - Shot by Miles Wood. 2:25 of 2nd period - Stopped by Linus Ullmark with a rebound. 3:24 of 2nd period - Shot by Frederick Gaudreau. 3:24 of 2nd period - Stopped by Philipp Grubauer without a rebound. 3:25 of 2nd period - Nick Suzuki wins face-off versus Trevor Zegras in TEXAS TOROS zone. 3:38 of 2nd period - Shot by Nick Suzuki. 3:38 of 2nd period - Shot Misses the Net. 3:40 of 2nd period - Shot by Reyley Smith. 3:40 of 2nd period - Goal by Reyley Smith - TEXAS TOROS : 2 - NORTH DAKOTA HAWKS : 3. 3:41 of 2nd period - Jonathan Toews wins face-off versus Frederick Gaudreau in neutral zone. 4:07 of 2nd period - Shot by Dillon Dube. 4:07 of 2nd period - Stopped by Philipp Grubauer with a rebound. 4:09 of 2nd period - Shot by Frederick Gaudreau. 4:09 of 2nd period - Shot Misses the Net. 4:41 of 2nd period - Jake DeBrusk is hit by Nate Schmidt and loses puck. 4:49 of 2nd period - Reyley Smith is hit by Dante Fabbro and loses puck. 5:12 of 2nd period - Shot by Nick Suzuki. 5:12 of 2nd period - Shot Blocked by Dante Fabbro. 6:04 of 2nd period - Shot by Jack Hughes. 6:04 of 2nd period - Stopped by Philipp Grubauer without a rebound. 6:05 of 2nd period - Connor Dewar wins face-off versus Trevor Zegras in TEXAS TOROS zone. 6:11 of 2nd period - Icing by Tyson Barrie. 6:12 of 2nd period - Frederick Gaudreau wins face-off versus Trevor Zegras in TEXAS TOROS zone. 6:16 of 2nd period - Icing by Trevor Zegras. 6:17 of 2nd period - Nick Suzuki wins face-off versus Trevor Zegras in TEXAS TOROS zone. 6:46 of 2nd period - Shot by Troy Terry. 6:46 of 2nd period - Shot Blocked by Connor Clifton. 6:48 of 2nd period - Shot by Tyson Barrie. 6:48 of 2nd period - Shot Misses the Net. 6:50 of 2nd period - Shot by Trevor Zegras. 6:50 of 2nd period - Stopped by Linus Ullmark without a rebound. 6:51 of 2nd period - Frederick Gaudreau wins face-off versus Kevin Hayes in NORTH DAKOTA HAWKS zone. 10:03 of 2nd period - Off-side. 10:04 of 2nd period - Frederick Gaudreau wins face-off versus Kevin Hayes in neutral zone. 10:27 of 2nd period - Shot by Kevin Hayes. 10:27 of 2nd period - Goal by Kevin Hayes - TEXAS TOROS : 3 - NORTH DAKOTA HAWKS : 3. 10:28 of 2nd period - Jack Hughes wins face-off versus Jonathan Toews in neutral zone. 10:31 of 2nd period - Shot by Jordan Kyrou. 10:31 of 2nd period - Shot Misses the Net. 11:12 of 2nd period - Shot by Jonathan Toews. 11:12 of 2nd period - Shot Blocked by Nick Blankenburg. 11:27 of 2nd period - Icing by Nate Schmidt. 11:28 of 2nd period - Kevin Hayes wins face-off versus Nick Suzuki in TEXAS TOROS zone. 11:28 of 2nd period - Kevin Hayes is hit by Reyley Smith. 12:06 of 2nd period - Shot by Jake DeBrusk. 12:06 of 2nd period - Deflect By Nick Suzuki. 12:06 of 2nd period - Stopped by Philipp Grubauer with a rebound. 12:14 of 2nd period - Shot by Jake DeBrusk. 12:14 of 2nd period - Shot Misses the Net. 12:40 of 2nd period - Shot by Dillon Dube. 12:40 of 2nd period - Stopped by Philipp Grubauer with a rebound. 12:44 of 2nd period - Shot by Dillon Dube. 12:44 of 2nd period - Shot Misses the Net. 12:54 of 2nd period - Shot by Dillon Dube. 12:54 of 2nd period - Shot Misses the Net. 13:00 of 2nd period - Shot by Frederick Gaudreau. 13:00 of 2nd period - Shot Misses the Net. 13:02 of 2nd period - Shot by Erik Johnson. 13:02 of 2nd period - Shot Misses the Net. 13:09 of 2nd period - Icing by Dante Fabbro. 13:10 of 2nd period - Connor Dewar wins face-off versus Kevin Hayes in TEXAS TOROS zone. 13:11 of 2nd period - Shot by Connor Clifton. 13:11 of 2nd period - Deflect By Garnet Hathaway. 13:11 of 2nd period - Shot Misses the Net. 13:13 of 2nd period - Shot by Connor Clifton. 13:13 of 2nd period - Shot Blocked by Dante Fabbro. 13:21 of 2nd period - Shot by Connor Dewar. 13:21 of 2nd period - Stopped by Philipp Grubauer without a rebound. 13:22 of 2nd period - Jack Hughes wins face-off versus Trevor Zegras in TEXAS TOROS zone. 14:07 of 2nd period - Shot by Jason Robertson. 14:07 of 2nd period - Stopped by Philipp Grubauer without a rebound. 14:08 of 2nd period - Nick Suzuki wins face-off versus Ryan Poehling in TEXAS TOROS zone. 14:12 of 2nd period - Reyley Smith is hit by Owen Power and loses puck. 14:26 of 2nd period - Nick Suzuki is hit by Wade Allison and loses puck. 15:29 of 2nd period - Minor Penalty to Ryan Lindgren for Roughing. 15:30 of 2nd period - Trevor Zegras wins face-off versus Frederick Gaudreau in NORTH DAKOTA HAWKS zone. 15:35 of 2nd period - Shot by Trevor Zegras. 15:35 of 2nd period - Stopped by Linus Ullmark without a rebound. 15:36 of 2nd period - Frederick Gaudreau wins face-off versus Trevor Zegras in NORTH DAKOTA HAWKS zone. 15:59 of 2nd period - Shot by Trevor Zegras. 15:59 of 2nd period - Shot Misses the Net. 16:01 of 2nd period - Shot by Trevor Zegras. 16:01 of 2nd period - Stopped by Linus Ullmark with a rebound. 16:05 of 2nd period - Shot by Kevin Hayes. 16:05 of 2nd period - Stopped by Linus Ullmark without a rebound. 16:06 of 2nd period - Jonathan Toews wins fac